 Dungeon Crawl Stone Soup version 0.21.1-1-g345015f (webtiles) character file.

605 GrunderHorse the Cudgeler (level 7, -3/60 HPs)
             Began as a Gnoll Berserker on Mar 20, 2018.
             Was a Believer of Trog.
             Slain by a worker ant (5 damage)
             ... on level 4 of the Dungeon.
             The game lasted 00:03:56 (3364 turns).

GrunderHorse the Cudgeler (Gnoll Berserker)         Turns: 3364, Time: 00:03:57

Health: -3/60      AC:  4    Str: 19    XL:     7   Next: 42%
Magic:  0/10       EV: 21    Int: 14    God:    Trog [**....]
Gold:   162        SH:  0    Dex: 22    Spells: 10/10 levels left

rFire    . . .     SeeInvis +   a - +1 mace
rCold    + . .     Gourm    .   (no shield)
rNeg     . . .     Faith    .   v - +2 robe {rC+}
rPois    .         Spirit   +   (no helmet)
rElec    .         Reflect  .   (no cloak)
rCorr    .         Harm     .   (no gloves)
MR       .....                  (no boots)
Stlth    ++++......             n - amulet of guardian spirit
HPRegen  0.20/turn              q - ring of see invisible
MPRegen  0.12/turn              (no ring)

@: brilliant, agile, lethally poisoned (-3 -> -6), berserk cooldown, slowed,
very slow
A: distributed training, fangs 1, strong nose
a: Berserk, Trog's Hand, Burn Spellbooks, Renounce Religion


You were on level 4 of the Dungeon.
You worshipped Trog.
Trog was pleased with you.
You were very hungry.

You visited 1 branch of the dungeon, and saw 4 of its levels.

You collected 162 gold pieces.

Inventory:

Hand Weapons
 a - a +1 mace (weapon)
 j - a +2 dagger of venom
Armour
 v - a +2 robe of cold resistance (worn)
Magical Staves
 s - an uncursed staff of energy
Jewellery
 b - an uncursed ring of magical power {unknown}
 n - an amulet of guardian spirit (around neck)
 q - a ring of see invisible (left hand)
Scrolls
 e - a scroll of magic mapping
 g - 4 scrolls of remove curse
 l - 4 scrolls of teleportation
 p - 2 scrolls of identify
Potions
 i - a potion of agility
 o - a potion of resistance {unknown}
Comestibles
 c - 5 rations
 h - 3 chunks of flesh


   Skills:
 + Level 7.0 Fighting
 + Level 2.4 Short Blades
 + Level 2.4 Long Blades
 + Level 2.4 Axes
 + Level 7.0 Maces & Flails
 + Level 2.4 Polearms
 + Level 2.4 Staves
 + Level 2.4 Slings
 + Level 2.4 Bows
 + Level 2.4 Crossbows
 + Level 2.4 Throwing
 + Level 5.2 Armour
 + Level 5.2 Dodging
 + Level 2.4 Stealth
 + Level 2.4 Shields
 + Level 2.4 Unarmed Combat
 + Level 2.4 Spellcasting
 + Level 2.0 Conjurations
 + Level 2.0 Hexes
 + Level 2.0 Charms
 + Level 2.0 Summonings
 + Level 2.0 Necromancy
 + Level 2.0 Translocations
 + Level 2.0 Transmutations
 + Level 2.0 Fire Magic
 + Level 2.0 Ice Magic
 + Level 2.0 Air Magic
 + Level 2.0 Earth Magic
 + Level 2.0 Poison Magic
 + Level 2.7 Invocations
 + Level 2.4 Evocations


You had 10 spell levels left.
You didn't know any spells.

Dungeon Overview and Level Annotations

Branches:
Dungeon (4/15)
 Temple: D:4-7

Altars:
Fedhas
The Shining One


Innate Abilities, Weirdness & Mutations

Your experience applies equally to all skills.
You have very sharp teeth.
Your uncanny sense of smell can sniff out nearby items.


Message History

The worker ant bites you.
* * * LOW HITPOINT WARNING * * *
You are lethally poisoned!
The worker ant poisons you!
* * * LOW HITPOINT WARNING * * *
You feel sick. The hound bites you but does no damage.
The hound closely misses you.
There is an open door here.
It was a potion of brilliance.
You feel clever all of a sudden.
* * * LOW HITPOINT WARNING * * *
You feel sick. The hound bites you. The worker ant closely misses you.
The hound misses you.
It was a potion of agility.
You feel agile all of a sudden.
You are feeling very hungry.
* * * LOW HITPOINT WARNING * * *
You feel sick. The hound barely misses you. The worker ant barely misses you.
The hound completely misses you. The worker ant bites you.
You die...

#......>............+
#.........###.#####.#
#...................#
#.........###.#######
##.............#
############..#
#........# #.######.#
####@#.)....#
#...ahs.)...#
#.....)†....#
#...........#
#...........#
#.....?..)..#
#...........#
#....!....[.#
#...........#


You could see a hound, a worker ant and a giant cockroach.

Vanquished Creatures
  Duvessa (D:4)
  An ice beast (D:3)
  2 phantoms (D:4)
  Dowan (D:4)
  A hound (D:3)
  4 gnolls
  4 adders
  2 worms (D:2)
  A dart slug (D:1)
  3 leopard geckos
  2 orcs
  A ball python (D:4)
  6 goblins
  8 hobgoblins
  3 jackals (D:1)
  9 bats
  6 frilled lizards
  10 kobolds
  8 rats
73 creatures vanquished.

Notes
Turn   | Place    | Note
-------+----------+-------------------------------------------
     0 | D:1      | GrunderHorse the Gnoll Berserker began the quest for the Orb.
     0 | D:1      | Reached XP level 1. HP: 23/23 MP: 1/1
    50 | D:1      | Reached XP level 2. HP: 21/29 MP: 2/2
   533 | D:1      | Reached XP level 3. HP: 24/35 MP: 3/3
   706 | D:1      | Reached ** piety under Trog
   706 | D:1      | Reached skill level 1 in Invocations
  1845 | D:2      | Reached skill level 1 in Short Blades
  1845 | D:2      | Reached skill level 1 in Long Blades
  1845 | D:2      | Reached skill level 1 in Axes
  1845 | D:2      | Reached skill level 1 in Polearms
  1845 | D:2      | Reached skill level 1 in Staves
  1845 | D:2      | Reached skill level 1 in Slings
  1845 | D:2      | Reached skill level 1 in Bows
  1845 | D:2      | Reached skill level 1 in Crossbows
  1845 | D:2      | Reached skill level 1 in Throwing
  1845 | D:2      | Reached skill level 1 in Stealth
  1845 | D:2      | Reached skill level 1 in Shields
  1845 | D:2      | Reached skill level 1 in Unarmed Combat
  1845 | D:2      | Reached skill level 1 in Spellcasting
  1845 | D:2      | Reached skill level 1 in Evocations
  1998 | D:2      | Reached XP level 4. HP: 30/41 MP: 5/5
  2657 | D:3      | Found a glowing golden altar of the Shining One.
  2684 | D:3      | Reached skill level 1 in Conjurations
  2684 | D:3      | Reached skill level 1 in Hexes
  2684 | D:3      | Reached skill level 1 in Charms
  2684 | D:3      | Reached skill level 1 in Summonings
  2684 | D:3      | Reached skill level 1 in Necromancy
  2684 | D:3      | Reached skill level 1 in Translocations
  2684 | D:3      | Reached skill level 1 in Transmutations
  2684 | D:3      | Reached skill level 1 in Fire Magic
  2684 | D:3      | Reached skill level 1 in Ice Magic
  2684 | D:3      | Reached skill level 1 in Air Magic
  2684 | D:3      | Reached skill level 1 in Earth Magic
  2684 | D:3      | Reached skill level 1 in Poison Magic
  2684 | D:3      | Reached XP level 5. HP: 38/47 MP: 6/6
  2696 | D:3      | Noticed an ice beast
  2704 | D:3      | Killed an ice beast
  3018 | D:3      | Found a blossoming altar of Fedhas.
  3185 | D:4      | Noticed a phantom
  3196 | D:4      | Killed a phantom
  3196 | D:4      | Reached skill level 5 in Armour
  3196 | D:4      | Reached skill level 5 in Dodging
  3196 | D:4      | Reached XP level 6. HP: 53/53 MP: 6/8
  3264 | D:4      | Noticed a phantom
  3279 | D:4      | Killed a phantom
  3325 | D:4      | Noticed Duvessa
  3327 | D:4      | Noticed Dowan
  3337 | D:4      | Killed Duvessa
  3337 | D:4      | Reached XP level 7. HP: 59/59 MP: 7/10
  3343 | D:4      | Killed Dowan
  3362 | D:4      | HP: 3/60 [poisoned by a worker ant]
  3364 | D:4      | Slain by a worker ant

Skill      XL: |  1  2  3  4  5  6  7 |
---------------+----------------------+-----
Invocations    | 1 2 |  2.7
Short Blades   | 1 2 |  2.4
Long Blades    | 1 2 |  2.4
Axes           | 1 2 |  2.4
Polearms       | 1 2 |  2.4
Staves         | 1 2 |  2.4
Slings         | 1 2 |  2.4
Bows           | 1 2 |  2.4
Crossbows      | 1 2 |  2.4
Throwing       | 1 2 |  2.4
Stealth        | 1 2 |  2.4
Shields        | 1 2 |  2.4
Unarmed Combat | 1 2 |  2.4
Spellcasting   | 1 2 |  2.4
Evocations     | 1 2 |  2.4
Conjurations   | 1 2 |  2.0
Hexes          | 1 2 |  2.0
Charms         | 1 2 |  2.0
Summonings     | 1 2 |  2.0
Necromancy     | 1 2 |  2.0
Translocations | 1 2 |  2.0
Transmutations | 1 2 |  2.0
Fire Magic     | 1 2 |  2.0
Ice Magic      | 1 2 |  2.0
Air Magic      | 1 2 |  2.0
Earth Magic    | 1 2 |  2.0
Poison Magic   | 1 2 |  2.0
Armour         | 5 |  5.2
Dodging        | 5 |  5.2
Fighting       | 7 |  7.0
Maces & Flails | 7 |  7.0

Action                   |  1- 3 |  4- 6 |  7- 9 || total
-------------------------+-------+-------+-------++-------
Melee: Mace              |    96 |    89 |    19 ||   204
       Bite              |     6 |     8 |       ||    14
       Punch             |       |     3 |       ||     3
Invok: Berserk           |     2 |     4 |       ||     6
       Trog's Hand       |       |     1 |       ||     1
  Use: Scroll            |       |    10 |       ||    10
       Potion            |       |       |     3 ||     3
 Stab: Sleeping          |     3 |     2 |       ||     5
  Eat: Chunk             |     4 |     5 |       ||     9
       Ration            |       |     1 |       ||     1
Armor: Animal skin       |     8 |       |       ||     8
       Scale mail        |       |    13 |       ||    13
       Robe              |       |     4 |    22 ||    26
Dodge: Dodged            |    69 |    63 |    75 ||   207
